 Dungeon Crawl Stone Soup version 0.20.0-15-g7f486f2 (webtiles) character file.

114 ArtsTyrian the Slasher (level 4, 0/40 HPs)
             Began as a Naga Gladiator on June 14, 2017.
             Slain by a frilled lizard (2 damage)
             ... on level 2 of the Dungeon.
             The game lasted 00:06:49 (1767 turns).

ArtsTyrian the Slasher (Naga Gladiator)             Turns: 1767, Time: 00:06:50

Health: 0/40       AC:  6    Str: 15 (17) XL:     4   Next: 97%
Magic:  4/4        EV:  4    Int: 12 (14) God:
Gold:   41         SH:  0    Dex:  9 (12) Spells: 3/3 levels left

rFire    . . .     SeeInvis +   a - +0 long sword
rCold    . . .     Gourm    .   (no shield)
rNeg     . . .     Faith    .   i - +0 chain mail
rPois    +         Spirit   .   c - +0 helmet
rElec    .         Reflect  .   (no cloak)
rCorr    .         Harm     .   (no gloves)
MR       .....                  (no barding)
Stlth    ..........             (no amulet)
Regen    0.2/turn               (no ring)
MPRegen  0.1/turn               (no ring)

@: brilliant, hasted, drained, quick
A: see invisible, deformed body, poison resistance, slowness 2, slow metabolism
1, spit poison 1, AC +1
a: Spit Poison


You were on level 2 of the Dungeon.
You were not hungry.

You visited 1 branch of the dungeon, and saw 2 of its levels.

You collected 41 gold pieces.

Inventory:

Hand Weapons
 a - a +0 long sword (weapon)
Armour
 c - a +0 helmet (worn)
 i - a +0 chain mail (worn)
Jewellery
 j - an uncursed amulet of harm
Scrolls
 d - a scroll of remove curse {unknown}
Potions
 b - a potion of degeneration
 h - a potion of haste
 l - a potion of might {unknown}
 m - a potion of agility {unknown}
Comestibles
 f - a bread ration
 g - 3 chunks of flesh
 k - a meat ration
 n - a royal jelly


   Skills:
 * Level 2.9(2.1) Fighting
 * Level 3.5(2.6) Long Blades
 - Level 1.7(0.9) Throwing
 * Level 1.5(0.7) Armour
 * Level 3.0(2.2) Dodging
 * Level 2.2(1.4) Stealth


You had 3 spell levels left.
You didn't know any spells.

Dungeon Overview and Level Annotations

Branches:
Dungeon (2/15)

Altars:


Innate Abilities, Weirdness & Mutations

You cannot wear boots.
Your serpentine skin is tough. (AC +1)
You have supernaturally acute eyesight. (SInv)
Armour fits poorly on your strangely shaped body.
Your system is resistant to poisons. (rPois)
You cover ground very slowly.
You have a slow metabolism.
You can spit poison.


Message History

The ball python bites you.
* * * LOW HITPOINT WARNING * * *
You miss the frilled lizard.
The ball python bites you but does no damage.
The frilled lizard unfolds its giant frill.
The frilled lizard bites you.
* * * LOW HITPOINT WARNING * * *
It was a potion of degeneration.
There was something very wrong with that liquid.
You feel weakened.
You feel dopey.
You feel clumsy.
The ball python bites you but does no damage.
The frilled lizard bites you but does no damage.
The ball python bites you but does no damage.
It was a potion of brilliance.
You feel clever all of a sudden.
The frilled lizard bites you but does no damage.
The ball python bites you but does no damage.
It was a potion of haste.
You feel yourself speed up. The frilled lizard bites you.
You die...

# ... #........# #.
...##........# #
.............### #
.............# .. ## ..
(...........#.... ..
...##..........#.... ..
......†lS.......... ..
#......@.........# ...
#................# ...(
#$...............###....
###...##.........#......
#... #.........#....#.
#... ######...##....##
.... ####...........
.... ................
........÷.......


You could see a ball python and a frilled lizard.

Vanquished Creatures
  Natasha (D:2)
  4 adders (D:2)
  A dart slug (D:1)
  2 leopard geckos
  A giant cockroach (D:1)
  7 goblins
  8 hobgoblins
  6 jackals (D:1)
  4 bats
  2 frilled lizards (D:2)
  7 kobolds (D:1)
  4 rats (D:1)
47 creatures vanquished.

Notes
Turn   | Place    | Note
-------+----------+-------------------------------------------
     0 | D:1      | ArtsTyrian the Naga Gladiator began the quest for the Orb.
     0 | D:1      | Reached XP level 1. HP: 19/19 MP: 1/1
    19 | D:1      | Reached skill level 1 in Stealth
   162 | D:1      | Reached XP level 2. HP: 18/26 MP: 2/2
   663 | D:1      | Reached XP level 3. HP: 22/33 MP: 3/3
  1504 | D:2      | Reached skill level 1 in Armour
  1504 | D:2      | Reached XP level 4. HP: 25/40 MP: 4/4
  1714 | D:2      | Noticed Natasha
  1729 | D:2      | Killed Natasha
  1764 | D:2      | HP: 2/40 [frilled lizard (1)]
  1767 | D:2      | Slain by a frilled lizard

Skill      XL: |  1  2  3  4 |
---------------+-------------+-----
Stealth        | 1 2 |  2.2
Armour         | 1 |  1.5
Dodging        | 3 |  3.0
Fighting       | |  2.9
Long Blades    | |  3.5
Throwing       | |  1.7

Action                   |  1- 3 |  4- 6 || total
-------------------------+-------+-------++-------
Melee: Long sword        |   135 |    56 ||   191
  Use: Potion            |       |     3 ||     3
  Eat: Chunk             |     1 |     1 ||     2
Armor: Chain mail        |   131 |    54 ||   185
       Leather armour    |     3 |       ||     3
Dodge: Dodged            |    61 |    20 ||    81
       Rpst.: Long sword |    16 |     5 ||    21
